 Dungeon Crawl Stone Soup version 0.29.1-12-g30fa7ad0bf (webtiles) character file.

Game seed: 1400838946327070818

21893 Erkin the Severer (level 12, -12/106 HPs)
             Began as a Minotaur Gladiator on Jan 9, 2023.
             Was a High Priest of Kikubaaqudgha.
             Mangled by an eight-headed hydra (13 damage)
             ... on level 12 of the Dungeon on Jan 11, 2023.
             The game lasted 03:49:12 (13234 turns).

Erkin the Severer (Minotaur Gladiator)             Turns: 13234, Time: 03:49:13

Health: -12/106    AC: 14    Str: 27    XL:     12   Next: 58%
Magic:  11/11      EV: 16    Int:  5    God:    Kikubaaqudgha [*****.]
Gold:   551        SH:  0    Dex: 15    Spells: 8/11 levels left

rFire   . . .      SeeInvis .   a - +5 war axe
rCold   . . .      Faith    .   D - orb {light}
rNeg    . . .      Spirit   .   b - +0 troll leather armour
rPois   .          Reflect  .   c - +0 hat
rElec   .          Harm     .   d - +2 cloak
rCorr   .          Rampage  .   J - +0 pair of gloves
Will    .....                   p - +0 pair of boots
Stlth   +.........              K - amulet of the acrobat
HPRegen 1.07/turn               o - +6 ring of strength
MPRegen 0.12/turn               j - +4 ring of protection

@: about to teleport, glowing
A: horns 2, retaliatory headbutt
a: Renounce Religion, Unearth Wretches, Torment


You were on level 12 of the Dungeon.
You worshipped Kikubaaqudgha.
Kikubaaqudgha was extremely pleased with you.
You visited 2 branches of the dungeon, and saw 13 of its levels.

You collected 732 gold pieces.
You spent 181 gold pieces at shops.

Inventory:

Hand Weapons
 a - a +5 war axe (weapon)
 i - a +3 glaive of freezing
 w - a +2 spear of flaming
 E - a +3 flail of protection
 L - a +0 spear of venom
 T - a +2 flail of holy wrath
 X - the +2 dagger of Wealth {antimagic, +Blink rPois Str+3 Int-2}
   (You found it on level 11 of the Dungeon)

   It reduces the magical energy of the wielder, and disrupts the spells and
   magical abilities of those it strikes.
   Natural abilities and divine invocations are not affected.
   Str:       It affects your strength (+3).
   Int:       It affects your intelligence (-2).
   rPois:     It protects you from poison.
   +Blink:    It lets you blink.
Missiles
 x - 104 stones
 B - 2 throwing nets
 M - 7 boomerangs (quivered)
 P - 37 poisoned darts
 S - 4 silver javelins
 V - 11 atropa-tipped darts
 W - 2 javelins
Armour
 b - a +0 troll leather armour (worn)
 c - a +0 hat (worn)
 d - a +2 cloak (worn)
 p - a +0 pair of boots (worn)
 D - an orb of light (worn)
 J - a +0 pair of gloves (worn)
 Q - the +1 robe of Tigegyt {rC- Regen+ rCorr Str+6}
   (You found it on level 5 of the Dungeon)

   Str:       It affects your strength (+6).
   rC:        It makes you vulnerable to cold.
   Regen:     It increases your rate of health regeneration.
   rCorr:     It protects you from acid and corrosion.
 U - a +0 kite shield
Jewellery
 j - a +4 ring of protection (right hand)
 l - a ring of protection from fire
 m - the macabre finger necklace {rN+}
   (You found it on level 7 of the Dungeon)

   [amulet of nothing]

   It enables you to equip an extra ring.
   rN:        It protects you from negative energy.
 o - a +6 ring of strength (left hand)
 t - a ring of flight
 K - an amulet of the acrobat (around neck)
 N - a ring of ice
Wands
 h - a wand of roots (7)
 y - a wand of light (16)
 Z - a wand of paralysis (4)
Scrolls
 e - a scroll of fear {unknown}
 k - a scroll of blinking
 A - a scroll of brand weapon {unknown}
 F - a scroll of amnesia {unknown}
 H - 3 scrolls of silence
 I - 4 scrolls of fog
 O - 5 scrolls of poison
 Y - a scroll of enchant armour {unknown}
Potions
 f - a potion of berserk rage {unknown}
 g - 3 potions of curing
 n - a potion of might
 q - 3 potions of lignification
 r - a potion of haste {unknown}
 s - a potion of brilliance {unknown}
 v - a potion of ambrosia
 z - 2 potions of degeneration {unknown}
 G - a potion of cancellation {unknown}
 R - 2 potions of mutation {unknown}


   Skills:
 + Level 9.9 Fighting
 + Level 15.0(15.1) Axes
 + Level 2.0(10.0) Maces & Flails
 + Level 11.8 Throwing
 + Level 4.6 Armour
 + Level 9.3 Dodging
 + Level 3.7 Stealth
 + Level 1.3 Evocations


You had 8 spell levels left.
You knew the following spells:

 Your Spells              Type           Power      Damage    Failure   Level
a - Necrotise             Necr           0%         1d4       52%         1
b - Summon Small Mammal   Summ           0%         N/A       52%         1
c - Beastly Appendage     Tmut           0%         N/A       52%         1

Your spell library contained the following spells:

 Spells                   Type           Power      Damage    Failure   Level
 Apportation              Tloc           0%         N/A       52%         1
 Foxfire                  Conj/Fire      0%         2x1d4     52%         1
 Ensorcelled Hibernation  Hex/Ice        0%         N/A       65%         2
 Passwall                 Tmut/Erth      0%         N/A       65%         2
 Scorch                   Fire           0%         2d5       65%         2
 Call Canine Familiar     Summ           0%         N/A       87%         3
 Conjure Flame            Conj/Fire      0%         6-21      87%         3
 Ignite Poison            Fire/Tmut/Pois 0%         N/A       87%         3
 Inner Flame              Hex/Fire       0%         N/A       87%         3
 Mephitic Cloud           Conj/Pois/Air  0%         N/A       87%         3
 Summon Guardian Golem    Hex/Summ       0%         N/A       87%         3
 Swiftness                Air            0%         N/A       87%         3
 Vampiric Draining        Necr           0%         2d6       87%         3
 Anguish                  Hex/Necr       0%         N/A       99%         4
 Animate Dead             Necr           0%         N/A       99%         4
 Corpse Rot               Necr/Pois/Air  0%         N/A       99%         4
 Flame Wave               Conj/Fire      0%         2d4       99%         4
 Agony                    Necr           0%         N/A       100%        5
 Alistair's Intoxication  Tmut/Pois      0%         N/A       100%        5
 Borgnjor's Vile Clutch   Necr/Erth      0%         N/A       100%        5
 Freezing Cloud           Conj/Ice/Air   0%         6-21      100%        5
 Death Channel            Necr           0%         N/A       100%        6
 Eringya's Noxious Bog    Tmut/Pois      0%         N/A       100%        6
 Simulacrum               Ice/Necr       0%         N/A       100%        6
 Summon Cactus Giant      Summ           0%         N/A       100%        6


Dungeon Overview and Level Annotations

Branches:
Dungeon (12/15)            Temple (1/1) D:5            Lair (0/5) D:10
    Orc (0/2) D:12

Altars:
Ashenzari
Cheibriados
Fedhas
Gozag
Kikubaaqudgha
Ru
Trog
Uskayaw
Zin

Shops:
D:4 *

Annotations:
D:2 1 runed translucent door, Crazy Yiuf
D:12 1 runed translucent door


Innate Abilities, Weirdness & Mutations

You have a pair of horns on your head.
You reflexively headbutt those who attack you in melee.


Message History

The tengu reaver shouts!
The troll shouts!
You feel better.
You feel less invigorated.
A tengu reaver comes into view. It is wielding a +0 bardiche.
The eight-headed hydra bites you but does no damage.
The eight-headed hydra closely misses you. x2
The eight-headed hydra barely misses you.
The eight-headed hydra bites you.
* * * LOW HITPOINT WARNING * * *
The eight-headed hydra barely misses you.
The eight-headed hydra bites you!
* * * LOW HITPOINT WARNING * * *
The eight-headed hydra barely misses you.
You feel much better. The eight-headed hydra bites you.
* * * LOW HITPOINT WARNING * * *
The eight-headed hydra misses you.
The eight-headed hydra bites you but does no damage. x2
The eight-headed hydra misses you. The eight-headed hydra bites you.
* * * LOW HITPOINT WARNING * * *
The eight-headed hydra bites you.
* * * LOW HITPOINT WARNING * * *
The eight-headed hydra completely misses you.
You feel much better.
The eight-headed hydra bites you but does no damage. x3
The eight-headed hydra bites you!
The eight-headed hydra bites you but does no damage.
The eight-headed hydra misses you.
The eight-headed hydra barely misses you.
The eight-headed hydra bites you.
As you read the scroll of teleportation, it crumbles to dust.
You feel strangely unstable. The eight-headed hydra bites you.
* * * LOW HITPOINT WARNING * * *
The eight-headed hydra bites you!
* * * LOW HITPOINT WARNING * * *
The eight-headed hydra bites you.
* * * LOW HITPOINT WARNING * * *
The eight-headed hydra bites you!
* * * LOW HITPOINT WARNING * * *
The eight-headed hydra bites you!
You die...
Kikubaaqudgha rasps: "You have failed me!
Welcome... death!"

#....##.......## #...##
##..'#.........###.#..########
####..........'..............
#. #.D........####...########
.. ###..!.QC.## ##...# ..
####.....## #...# ##.
#........Q# #...# ..
#.#######.# #...# #. #.# #@#
#.#D# #.#####.# #D# #Q#.#
#.......# #T## #...# #######.#
#.D#######.# #.# #.....D....#
#.#######..#########
#.........## ######...## #.###


You could see 2 tengu reavers, an eight-headed hydra, a five-headed hydra, a
cyclops and a troll.

Vanquished Creatures
  A boulder beetle (D:12)
  2 hydras (D:12)
  2 centaur warriors
  3 two-headed ogres
  2 deep troll earth magi (D:12)
  Pikel (D:5)
  A deep elf pyromancer (D:11)
  A wolf spider (D:12)
  2 cyclopes
  A manticore (D:12)
  Maurice (D:8)
  2 gargoyles
  2 unseen horrors
  2 kobold demonologists (D:12)
  Maggie (D:8)
  9 trolls
  A hornet (D:7)
  7 yaks
  A shadow (D:12)
  2 wraiths (D:10)
  A wyvern (D:8)
  A vampire (D:8)
  Grum (D:7)
  7 vampire mosquitoes
  A steam dragon (D:8)
  4 wargs
  3 acid dragons (D:12)
  A water moccasin (D:5)
  5 orc warriors
  An ice beast (D:8)
  A sky beast (D:6)
  A black bear (D:8)
  An ogre (D:7)
  5 centaurs
  A wolf (D:7)
  2 lemures (D:5)
  A phantom (D:5)
  6 kobold brigands
  A bullfrog (D:8)
  6 gnoll sergeants
  A necrophage (D:6)
  A scorpion (D:4)
  5 wights (D:8)
  19 killer bees
  6 howler monkeys
  An electric eel (D:7)
  A jelly (D:8)
  9 orc priests
  11 hounds
  3 gnoll boudas
  Ijyb (D:4)
  3 iguanas
  11 orc wizards
  A mummy (D:8)
  Robin (D:2)
  9 adders
  40 gnolls
  A shadow imp (D:8)
  A white imp (D:7)
  A worm (D:5)
  3 dart slugs
  33 orcs
  8 ball pythons
  5 endoplasms
  2 giant cockroaches
  13 goblins
  12 hobgoblins
  9 jackals
  5 quokkas
  2 bats
  A frilled lizard (D:2)
  26 kobolds
  7 rats
346 creatures vanquished.

Vanquished Creatures (others)
  A centaur (D:12)
  75 plants (D:2)
76 creatures vanquished.

Grand Total: 422 creatures vanquished

Notes
Turn   | Place    | Note
-------+----------+-------------------------------------------
     0 | D:1      | Erkin the Minotaur Gladiator began the quest for the Orb.
     0 | D:1      | Reached XP level 1. HP: 18/18 MP: 0/0
    74 | D:1      | Found a faded altar of an unknown god.
   211 | D:1      | Prayed at the altar of an unknown god.
   211 | D:1      | Became a worshipper of Kikubaaqudgha
   211 | D:1      | Reached * piety under Kikubaaqudgha
   211 | D:1      | Received a gift from Kikubaaqudgha
   366 | D:1      | Reached XP level 2. HP: 25/25 MP: 1/1
  1097 | D:2      | Found a runed translucent door.
  1098 | D:2      | Noticed Crazy Yiuf
  1398 | D:2      | Noticed Robin
  1400 | D:2      | Killed Robin
  1400 | D:2      | Reached ** piety under Kikubaaqudgha
  1401 | D:2      | Reached XP level 3. HP: 31/31 MP: 2/2
  1691 | D:2      | Reached XP level 4. HP: 34/39 MP: 3/3
  2254 | D:3      | Learned a level 1 spell: Necrotise
  2256 | D:3      | Learned a level 1 spell: Summon Small Mammal
  2353 | D:3      | Reached *** piety under Kikubaaqudgha
  2353 | D:3      | Received a gift from Kikubaaqudgha
  2708 | D:3      | Reached XP level 5. HP: 46/46 MP: 4/4
  3020 | D:4      | Reached skill level 4 in Axes
  3085 | D:4      | Found Nuemos's Neck Hole.
  3139 | D:4      | Reached skill level 1 in Armour
  3269 | D:4      | Bought a +2 cloak for 181 gold pieces
  3319 | D:4      | Found a sacrificial altar of Ru.
  3457 | D:4      | Noticed Ijyb
  3462 | D:4      | Killed Ijyb
  3580 | D:4      | Reached skill level 5 in Axes
  3580 | D:4      | Reached XP level 6. HP: 52/52 MP: 5/5
  3889 | D:5      | Entered Level 5 of the Dungeon
  3975 | D:5      | Noticed a water moccasin
  3978 | D:5      | Killed a water moccasin
  4091 | D:5      | Identified the +1 robe of Tigegyt {rC- Regen+ rCorr Str+6}
  4360 | D:5      | Found a staircase to the Ecumenical Temple.
  4482 | D:5      | Noticed Pikel
  4498 | D:5      | Killed Pikel
  4499 | D:5      | Reached skill level 7 in Axes
  4499 | D:5      | Reached skill level 5 in Dodging
  4499 | D:5      | Reached skill level 1 in Stealth
  4499 | D:5      | Reached XP level 7. HP: 53/60 MP: 6/6
  4723 | D:5      | Reached skill level 5 in Fighting
  4723 | D:5      | Reached XP level 8. HP: 48/68 MP: 7/7
  4816 | Temple   | Entered the Ecumenical Temple
  5278 | D:6      | Reached skill level 5 in Throwing
  5282 | D:6      | Reached skill level 8 in Axes
  5337 | D:6      | Got Umourghoph's Occult for Rookies
  5832 | D:7      | Reached **** piety under Kikubaaqudgha
  5983 | D:7      | Noticed a hornet
  5993 | D:7      | Paralysed by a hornet for 1 turns
  5994 | D:7      | Killed a hornet
  5995 | D:7      | Reached skill level 9 in Axes
  5995 | D:7      | Reached XP level 9. HP: 47/75 MP: 8/8
  6239 | D:7      | Paralysed by a gnoll for 4 turns
  6302 | D:7      | Found the macabre finger necklace {rN+}
  6677 | D:7      | Reached skill level 10 in Axes
  6680 | D:7      | Noticed Grum
  6692 | D:7      | Killed Grum
  6849 | D:7      | Found a hide-covered altar of Uskayaw.
  6868 | D:7      | Found an opulent altar of Gozag.
  6868 | D:7      | Found a glowing silver altar of Zin.
  6917 | D:8      | Found a snail-covered altar of Cheibriados.
  7032 | D:8      | Reached ***** piety under Kikubaaqudgha
  7062 | D:8      | Reached skill level 11 in Axes
  7086 | D:8      | Noticed Maurice
  7095 | D:8      | Killed Maurice
  7096 | D:8      | Reached skill level 1 in Maces & Flails
  7166 | D:8      | Reached XP level 10. HP: 84/84 MP: 9/9
  7306 | D:8      | Found the +3 giant club "Skullcrusher" {speed, Str+7}
  7523 | D:8      | Noticed Maggie
  7539 | D:8      | Killed Maggie
  7547 | D:8      | Reached skill level 12 in Axes
  8130 | D:9      | Noticed a two-headed ogre
  8266 | D:9      | Killed a two-headed ogre
  8729 | D:9      | Learned a level 1 spell: Beastly Appendage
  8733 | D:10     | Entered Level 10 of the Dungeon
  8820 | D:10     | Reached skill level 13 in Axes
  8822 | D:10     | Reached XP level 11. HP: 94/94 MP: 10/10
  8906 | D:10     | Found a broken altar of Ashenzari.
  8906 | D:10     | Found a blossoming altar of Fedhas.
  9062 | D:10     | Found a staircase to the Lair.
  9696 | D:11     | Noticed a deep elf pyromancer
  9814 | D:11     | Killed a deep elf pyromancer
  9894 | D:11     | Noticed a two-headed ogre
  9911 | D:11     | Killed a two-headed ogre
  9959 | D:11     | Identified the +2 dagger of Wealth {antimagic, +Blink rPois
                  | Str+3 Int-2}
 10078 | D:11     | Noticed a two-headed ogre
 10215 | D:11     | Killed a two-headed ogre
 10216 | D:11     | Reached skill level 14 in Axes
 10227 | D:11     | Noticed a centaur warrior
 10413 | D:11     | Killed a centaur warrior
 11005 | D:12     | Reached skill level 10 in Throwing
 11108 | D:12     | Noticed a centaur warrior
 11128 | D:12     | Killed a centaur warrior
 11247 | D:12     | Noticed a six-headed hydra
 11269 | D:12     | Killed an 11-headed hydra
 11270 | D:12     | Reached XP level 12. HP: 64/105 MP: 11/11
 11654 | D:12     | Reached ****** piety under Kikubaaqudgha
 11675 | D:12     | Found a staircase to the Orcish Mines.
 11771 | D:12     | Noticed a boulder beetle
 11783 | D:12     | Killed a boulder beetle
 11941 | D:12     | Found a runed translucent door.
 11941 | D:12     | Noticed an eight-headed hydra
 12237 | D:12     | Noticed a five-headed hydra
 12238 | D:12     | Noticed a yaktaur captain
 12245 | D:12     | Noticed a storm dragon
 12321 | D:12     | Reached skill level 1 in Evocations
 12403 | D:12     | Noticed a tengu reaver
 12617 | D:12     | Noticed a deep troll earth mage
 12637 | D:12     | Killed a deep troll earth mage
 12796 | D:12     | Killed an eight-headed hydra
 12797 | D:12     | Reached skill level 15 in Axes
 12822 | D:12     | Noticed a deep troll earth mage
 13098 | D:12     | Killed a deep troll earth mage
 13197 | D:12     | Noticed a centaur warrior
 13200 | D:12     | Noticed a boulder beetle
 13211 | D:12     | Noticed a five-headed hydra
 13229 | D:12     | HP: 3/106 [eight-headed hydra (7)]
 13231 | D:12     | Noticed a tengu reaver
 13234 | D:12     | HP: 1/106 [eight-headed hydra (12)]
 13234 | D:12     | Mangled by an eight-headed hydra

Illustrated notes

Levels and vault maps discovered:
D:1:      eino_arrival_cavern_e, layout_loops_ring,
          hellmonk_ecumenical_altar_pennies_from_heaven, st_stairs_2
D:2:      layout_rooms, serial_bayou, serial_bayou_lagoon_a,
          serial_bayou_pond_a, serial_bayou_pond_b, serial_bayou_pond_e,
          uniq_robin, uniq_crazy_yiuf_cottage
D:3:      layout_basic
D:4:      layout_loops_cross, mainiacjoe_overflow_tiny_flanked,
          nicolae_shop_sticking_my_neck_out, uniq_ijyb
D:5:      layout_basic, minmay_temple_entry_ruins, uniq_pikel
D:6:      layout_basic
D:7:      layout_cave_pools, grunt_temple_overflow_gold_and_silver,
          lemuel_round_altar, serial_gnoll_camp, gnoll_camp_huts_moat,
          gnoll_camp_mini_sergeant, gnoll_camp_medium_01, grums_kennel
D:8:      nicolae_BIG_FREAKIN_CUBE, layout_basic, slow_altar_1, uniq_maurice,
          uniq_maggie
D:9:      layout_long_grid
D:10:     layout_roguey, mainiacjoe_overflow_divided_tiny,
          erik_lair_orcish_takeover
D:11:     layout_rooms, kennysheep_generic_room_12
D:12:     minmay_expanding_circles, layout_loops_corners, david_orc_3
Temple:   regret_index_temple_waves

Skill      XL: |  1  2  3  4  5  6  7  8  9 10 11 12 |
---------------+-------------------------------------+-----
Fighting       | 3 4 5 6 8 9 |  9.9
Dodging        | 4 5 6 7 8 9 |  9.3
Throwing       | 3 4 6 7 8 10 11 | 11.8
Axes           | 5 7 9 11 13 14 15 | 15.0
Armour         | 1 3 4 |  4.6
Stealth        | 1 2 3 |  3.7
Maces & Flails | 1 2 |  2.0
Evocations     | 1 |  1.3

Action                   |  1- 3 |  4- 6 |  7- 9 | 10-12 || total
-------------------------+-------+-------+-------+-------++-------
Melee: War axe           |    97 |    98 |   160 |   259 ||   614
       Headbutt          |    16 |    18 |    48 |    76 ||   158
       Punch             |     1 |       |       |       ||     1
       Flail             |       |       |     9 |     3 ||    12
       Spear             |       |       |     4 |       ||     4
Throw: Throwing net      |     5 |     1 |    14 |     6 ||    26
       Javelin           |     3 |    13 |       |     3 ||    19
       Stone             |       |     6 |       |     6 ||    12
       Dart              |       |     6 |     5 |    34 ||    45
       Boomerang         |       |       |    44 |   181 ||   225
Evoke: Wand              |       |       |       |     5 ||     5
  Use: Scroll            |     5 |     5 |     6 |    11 ||    27
       Potion            |       |       |       |     8 ||     8
 Stab: Held in net/web   |       |     1 |     2 |     1 ||     4
       Invisible         |       |       |       |     2 ||     2
       Sleeping          |       |       |       |     1 ||     1
Armor: Leather armour    |    20 |    21 |       |       ||    41
       Ring mail         |     1 |       |       |       ||     1
       Robe              |       |     3 |    37 |    33 ||    73
       Troll leather arm |       |       |       |    73 ||    73
Dodge: Dodged            |    38 |    50 |   209 |   359 ||   656
